 Dungeon Crawl Stone Soup version 0.30-b1-2-g02819fbbbe (webtiles) character file.

Game seed: 2869159448447840141

325 ketsa the Cudgeller (level 6, -3/37 HPs)
             Began as a Gargoyle Fighter on May 27, 2023.
             Slain by a mummy (6 damage)
             ... in an ossuary.
             The game lasted 00:05:39 (2864 turns).

ketsa the Cudgeller (Gargoyle Fighter)              Turns: 2864, Time: 00:05:39

Health: -3/37      AC: 14    Str: 21    XL:     6   Next: 48%
Magic:  6/6        EV:  9    Int:  9    God:
Gold:   209        SH:  4    Dex:  9    Spells: 5/5 levels left

rFire   . . .        a - +0 flail
rCold   . . .        c - +0 buckler
rNeg    + . .        b - +0 scale mail
rPois   ∞            (no helmet)
rElec   +            (no cloak)
rCorr   .            (no gloves)
SInv    .            j - +2 pair of boots
Will    .....        (no amulet) Stlth
                     (no ring)
HPRegen 0.26/turn    (no ring)
MPRegen 0.10/turn

%: no passive effects
@: no status effects
A: sickness immunity, AC +4, negative energy resistance 1, electricity
resistance, torment resistance 1, petrification resistance
a: no special abilities


You were in an ossuary.
You visited 1 branch of the dungeon, and saw 4 of its levels.
You also visited: Ossuary.

You collected 209 gold pieces.

Inventory:

Hand Weapons
 a - a +0 flail (weapon)
Missiles
 i - 8 poisoned darts (quivered)
Armour
 b - a +0 scale mail (worn)
 c - a +0 buckler (worn)
 e - a +0 chain mail
 j - a +2 pair of boots (worn)
 n - a +0 ring mail
Scrolls
 h - 3 scrolls of teleportation
 l - a scroll of poison {unknown}
 m - a scroll of fear
 q - a scroll of blinking {unknown}
 r - a scroll of enchant armour {unknown}
 s - a scroll of silence {unknown}
 y - a scroll of identify
 z - 2 scrolls of noise {unknown}
Potions
 d - a potion of brilliance {unknown}
 g - a potion of magic {unknown}
 k - 4 potions of lignification
 o - 3 potions of invisibility {unknown}
 p - 4 potions of curing {unknown}
 t - 4 potions of mutation {unknown}
 u - a potion of degeneration {unknown}
 v - a potion of flight {unknown}
 x - a potion of berserk rage {unknown}


   Skills:
 - Level 3.2 Fighting
 * Level 6.7 Maces & Flails
 - Level 3.2 Armour
 - Level 3.2 Shields


You had 5 spell levels left.
You didn't know any spells.
Your spell library contained the following spells:

 Spells                   Type           Power      Damage    Failure   Level
 Poisonous Vapours        Pois/Air       0%         N/A       90%         2
 Mephitic Cloud           Conj/Pois/Air  0%         N/A       99%         3
 Freezing Cloud           Conj/Ice/Air   0%         6-21      100%        5


Dungeon Overview and Level Annotations

Branches:
Dungeon (4/15) Zot: 21292 Ossuary (1/1) Zot: 5811
 Temple: D:4-7

Altars:
Fedhas
Sif Muna
Zin

Annotations:
D:4 Ijyb


Innate Abilities, Weirdness & Mutations

You are immune to sickness and miasma.
Your stone body is resilient. (AC +4)
You are immune to poison.
You resist negative energy. (rN+)
You are resistant to electric shocks. (rElec)
You are resistant to unholy torment.
You are immune to petrification.


Message History

You now have 148 gold pieces (gained 12).
You now have 164 gold pieces (gained 16).
k - 4 potions of lignification (gained 2)
h - 3 scrolls of teleportation (gained 1)
You now have 175 gold pieces (gained 11).
You now have 184 gold pieces (gained 9).
You now have 201 gold pieces (gained 17).
You now have 209 gold pieces (gained 8).
There is an open door here.
A mummy comes into view.
A mummy comes into view.
The mummy hits you!
You barely miss the mummy. You hit the mummy.
The mummy is lightly damaged.
The mummy closely misses you.
You hit the mummy.
The mummy is moderately damaged.
The mummy closely misses you.
You sock the mummy!
The mummy is severely damaged.
You hit the mummy.
The mummy is almost destroyed.
The mummy hits you but does no damage.
You hit the mummy.
You destroy the mummy!
The mummy hits you!
You hit the mummy.
The mummy is lightly damaged.
The mummy closely misses you.
You hit the mummy.
The mummy is moderately damaged.
You hit the mummy.
The mummy is heavily damaged.
The mummy hits you!
* * * LOW HITPOINT WARNING * * *
You hit the mummy.
The mummy is severely damaged.
The mummy hits you.
You die...

################
#.....M@.......##
......####......##
.....##..##......#
....##....##.....#
.................#
................##
#..............##
#........##'#
##......##..##


You could see a mummy.

Vanquished Creatures
  Sigmund (D:2)
  7 mummies (Ossuary)
  2 adders
  A worm (D:3)
  3 dart slugs
  2 orcs
  3 endoplasms
  3 gnoll zombies (Ossuary)
  4 goblins
  4 hobgoblins
  3 quokkas
  4 ball pythons
  5 bats
  5 frilled lizards
  5 kobolds
  3 kobold zombies (Ossuary)
  2 orc zombies (Ossuary)
  2 rats (D:1)
59 creatures vanquished.

Notes
Turn   | Place    | Note
-------+----------+-------------------------------------------
     0 | D:1      | ketsa the Gargoyle Fighter began the quest for the Orb.
     0 | D:1      | Reached XP level 1. HP: 14/14 MP: 1/1
   195 | D:1      | Reached XP level 2. HP: 19/19 MP: 2/2
   523 | D:1      | Reached skill level 3 in Maces & Flails
  1119 | D:2      | Reached XP level 3. HP: 21/23 MP: 3/3
  1208 | D:2      | Identified the +9 sling "Duq Ahyu" {drain, rN+}
  1266 | D:2      | Noticed Sigmund
  1278 | D:2      | Killed Sigmund
  1279 | D:2      | Reached skill level 5 in Maces & Flails
  1279 | D:2      | Reached XP level 4. HP: 24/28 MP: 4/4
  1279 | D:2      | Reached XP level 5. HP: 28/32 MP: 5/5
  1909 | D:3      | Reached skill level 6 in Maces & Flails
  1952 | D:3      | Found a glowing silver altar of Zin.
  2170 | D:3      | Found a shimmering blue altar of Sif Muna.
  2212 | D:3      | Reached XP level 6. HP: 37/37 MP: 6/6
  2575 | D:4      | Found a blossoming altar of Fedhas.
  2612 | D:4      | Noticed Ijyb
  2659 | D:4      | Found a sand-covered staircase.
  2664 | Ossuary  | Entered an ossuary
  2864 | Ossuary  | Slain by a mummy

Illustrated notes

Levels and vault maps discovered:
D:1:      lightli_arrival_maybe_door_vault, layout_basic
D:2:      layout_loops_ring, guppyfry_early_lair_pool, uniq_sigmund
D:3:      layout_loops_corners, zin_scriptorium,
          mainiacjoe_overflow_six_doors_small, chequers_serial_rivers_micro_a,
          chequers_serial_rivers_large_a, st_stairs_12, moated_statue,
          minmay_circle_x
D:4:      layout_layer_cave, mainiacjoe_overflow_paths,
          minmay_temple_entry_trees, enter_ossuary_2, gammafunk_ghost_arena,
          uniq_duvessa, uniq_ijyb
Ossuary:  ossuary_tomb_3

Skill      XL: |  1  2  3  4  5 |
---------------+----------------+-----
Maces & Flails | 3 5 6 |  6.7
Fighting       | |  3.2
Armour         | |  3.2
Shields        | |  3.2

Action                     |  1- 3 |  4- 6 || total
---------------------------+-------+-------++-------
  Melee: Flail             |    77 |   114 ||   191
    Use: Potion            |     2 |     3 ||     5
         Scroll            |     2 |     2 ||     4
 Armour: Scale mail        |    42 |    56 ||    98
  Dodge: Dodged            |    47 |    54 ||   101
  Block: Buckler           |    13 |    15 ||    28
